TOP OF THE 1ST |
Albuquerque Isotopes batting - Pitching for Las Vegas Stars : RHP Ramón Pérez
|
Pitching: RHP Ramón Pérez
|
|
Batting: RHB Sadayoshi Kato
|
0-0: Ball 1-0: Called Strike 1-1: Ball 2-1: Ball 3-1: Foul Ball, location: 2F 3-2: Base on Balls
|
Batting: RHB Dave Mullen
|
0-0: Foul Ball, location: 2F 0-1: Ball 1-1: Foul Ball, location: 2F 1-2: Strikes out looking
|
Batting: SHB Lee Townsend
|
0-0: SINGLE (Line Drive, 34D) Sadayoshi Kato to second
|
Batting: LHB Mark Vestal
|
0-0: Ball 1-0: Foul Ball, location: 2F 1-1: Foul Ball, location: 2F 1-2: Ball 2-2: Strikes out swinging
|
Batting: RHB Alden Isenhood
|
0-0: Called Strike 0-1: DOUBLE (Flyball, 78M) Sadayoshi Kato scores Lee Townsend to third Runner from 3rd tries for Home, SAFE, no throw or cutoff
|
Batting: LHB Bernardo Montés
|
0-0: Ball 1-0: Foul Ball, location: 2F 1-1: SINGLE (Groundball, 5D) Alden Isenhood to third Runner from 3rd tries for Home, SAFE, no throw or cutoff
|
Batting: LHB A.J. Major
|
0-0: Ball 1-0: Ball 2-0: Ball 3-0: Called Strike 3-1: Foul Ball, location: 2F 3-2: Base on Balls Bernardo Montés to second
|
Batting: LHB Héctor Cruz
|
0-0: Ground out U3 (Groundball, 3)
|
Top of the 1st over - 3 run(s), 3 hit(s), 0 error(s), 2 left on base; Albuquerque 3 - Las Vegas 0 |
BOTTOM OF THE 1ST |
Las Vegas Stars batting - Pitching for Albuquerque Isotopes : RHP Raúl Ruíz
|
Pitching: RHP Raúl Ruíz
|
|
Batting: RHB Douglas Davis
|
0-0: Ball 1-0: Swinging Strike 1-1: Ball 2-1: Foul Ball, location: 2F 2-2: Ball 3-2: SINGLE (Flyball, 89S)
|
Batting: LHB Bryan Foster
|
0-0: Swinging Strike Pickoff Throw to First - Error! E1 Douglas Davis to second 0-1: Called Strike 0-2: Ball 1-2: Ground out 4-3 (Groundball, 4M) Douglas Davis to third
|
Batting: RHB Kyle Bacon
|
0-0: Called Strike 0-1: Called Strike 0-2: Ground out 6-3 (Groundball, 6MS) Douglas Davis scores
|
Batting: RHB William Richardson
|
0-0: Ball 1-0: Called Strike 1-1: Swinging Strike 1-2: Ball 2-2: Ball 3-2: Fly out, F2 (Popup, 2RF)
|
Bottom of the 1st over - 1 run(s), 1 hit(s), 1 error(s), 0 left on base; Albuquerque 3 - Las Vegas 1 |
TOP OF THE 2ND |
Albuquerque Isotopes batting - Pitching for Las Vegas Stars : RHP Ramón Pérez
|
Batting: RHB Arturo García
|
0-0: Ground out 1-3 (Groundball, 23)
|
Batting: RHB Sadayoshi Kato
|
0-0: Ball 1-0: Foul Ball, location: 2F 1-1: Ball 2-1: Ball 3-1: Base on Balls
|
Batting: RHB Dave Mullen
|
0-0: DOUBLE (Line Drive, 5L) Sadayoshi Kato to third
|
Batting: SHB Lee Townsend
|
0-0: Called Strike 0-1: Hit by Pitch
|
Batting: LHB Mark Vestal
|
0-0: SINGLE (Line Drive, 89S) Sadayoshi Kato scores Dave Mullen to third Lee Townsend to second Runner from 3rd tries for Home, SAFE, no throw or cutoff
|
Batting: RHB Alden Isenhood
|
0-0: Ball 1-0: Foul Ball, location: 2F 1-1: Ball 2-1: Ball 3-1: Grounds into double play, U4-3 (Groundball, 4)
|
Top of the 2nd over - 2 run(s), 2 hit(s), 0 error(s), 1 left on base; Albuquerque 5 - Las Vegas 1 |
BOTTOM OF THE 2ND |
Las Vegas Stars batting - Pitching for Albuquerque Isotopes : RHP Raúl Ruíz
|
Batting: RHB Reginaldo Jaconelli
|
0-0: Called Strike 0-1: Ball 1-1: Ball 2-1: Foul Ball, location: 2F 2-2: Fly out, F3 (Popup, 3SF)
|
Batting: LHB Fernando De La Cruz
|
0-0: Foul Ball, location: 2F 0-1: Fly out, F6 (Popup, 56D)
|
Batting: LHB Eliot Helen
|
0-0: Ball 1-0: Foul Ball, location: 2F 1-1: Foul Ball, location: 2F 1-2: SINGLE (Line Drive, 78S)
|
Batting: SHB Esteban Silva
|
0-0: Swinging Strike 0-1: Foul Ball, location: 2F 0-2: Foul Ball, location: 2F 0-2: Strikes out swinging
|
Bottom of the 2nd over - 0 run(s), 1 hit(s), 0 error(s), 1 left on base; Albuquerque 5 - Las Vegas 1 |
TOP OF THE 3RD |
Albuquerque Isotopes batting - Pitching for Las Vegas Stars : RHP Ramón Pérez
|
Batting: LHB Bernardo Montés
|
0-0: Swinging Strike 0-1: Swinging Strike 0-2: Ball 1-2: Ball 2-2: Strikes out swinging
|
Batting: LHB A.J. Major
|
0-0: Ball 1-0: Foul Ball, location: 2F 1-1: Called Strike 1-2: Foul Ball, location: 2F 1-2: SINGLE (Line Drive, 6D)
|
Batting: LHB Héctor Cruz
|
0-0: Called Strike 0-1: Ground out 3-1 (Groundball, 34) A.J. Major to second
|
Batting: RHB Arturo García
|
0-0: Foul Ball, location: 2F 0-1: Ground out 6-3 (Groundball, 6)
|
Top of the 3rd over - 0 run(s), 1 hit(s), 0 error(s), 1 left on base; Albuquerque 5 - Las Vegas 1 |
BOTTOM OF THE 3RD |
Las Vegas Stars batting - Pitching for Albuquerque Isotopes : RHP Raúl Ruíz
|
Batting: RHB Ryan Campbell
|
0-0: Called Strike 0-1: Fly out, F7 (Flyball, 7M)
|
Batting: RHB Douglas Davis
|
0-0: Called Strike 0-1: Swinging Strike 0-2: Fly out, F8 (Flyball, 8RM)
|
Batting: LHB Bryan Foster
|
0-0: Foul Ball, location: 2F 0-1: Ball 1-1: SINGLE (Groundball, 6S)
|
Batting: RHB Kyle Bacon
|
0-0: Ball 1-0: Fly out, F3 (Popup, 34S)
|
Bottom of the 3rd over - 0 run(s), 1 hit(s), 0 error(s), 1 left on base; Albuquerque 5 - Las Vegas 1 |
TOP OF THE 4TH |
Albuquerque Isotopes batting - Pitching for Las Vegas Stars : RHP Ramón Pérez
|
Batting: RHB Sadayoshi Kato
|
0-0: Foul Ball, location: 2F 0-1: Ball 1-1: Swinging Strike 1-2: Foul Ball, location: 2F 1-2: Strikes out looking
|
Batting: RHB Dave Mullen
|
0-0: Called Strike 0-1: Ball 1-1: Foul Ball, location: 2F 1-2: SINGLE (Flyball, 9LS)
|
Batting: SHB Lee Townsend
|
0-0: Called Strike 0-1: Ball 1-1: Ball 2-1: Ground out 4-3 (Groundball, 4M) Dave Mullen to second
|
Batting: LHB Mark Vestal
|
0-0: Ball 1-0: Called Strike 1-1: Ball 2-1: Swinging Strike 2-2: Foul Ball, location: 2F 2-2: Foul Ball, location: 2F 2-2: Ground out 5-3 (Groundball, 5)
|
Top of the 4th over - 0 run(s), 1 hit(s), 0 error(s), 1 left on base; Albuquerque 5 - Las Vegas 1 |
BOTTOM OF THE 4TH |
Las Vegas Stars batting - Pitching for Albuquerque Isotopes : RHP Raúl Ruíz
|
Batting: RHB William Richardson
|
0-0: Ball 1-0: Ball 2-0: Ball 3-0: Base on Balls
|
Batting: RHB Reginaldo Jaconelli
|
0-0: Ball 1-0: Foul Ball, location: 2F 1-1: Swinging Strike 1-2: Strikes out swinging
|
Batting: LHB Fernando De La Cruz
|
0-0: Swinging Strike 0-1: Fielders Choice at 2nd, 1-6 (Groundball, 23)
|
Batting: LHB Eliot Helen
|
0-0: Fly out, F5 (Popup, 15)
|
Bottom of the 4th over - 0 run(s), 0 hit(s), 0 error(s), 1 left on base; Albuquerque 5 - Las Vegas 1 |
TOP OF THE 5TH |
Albuquerque Isotopes batting - Pitching for Las Vegas Stars : RHP Ramón Pérez
|
Batting: RHB Alden Isenhood
|
0-0: Ground out 6-3 (Groundball, 6)
|
Batting: LHB Bernardo Montés
|
0-0: Called Strike 0-1: Ball 1-1: Ball 2-1: Fly out, F8 (Flyball, 8RS)
|
Batting: LHB A.J. Major
|
0-0: Called Strike 0-1: Ball 1-1: Called Strike 1-2: Strikes out swinging
|
Top of the 5th over - 0 run(s), 0 hit(s), 0 error(s), 0 left on base; Albuquerque 5 - Las Vegas 1 |
BOTTOM OF THE 5TH |
Las Vegas Stars batting - Pitching for Albuquerque Isotopes : RHP Raúl Ruíz
|
Batting: SHB Esteban Silva
|
0-0: Called Strike 0-1: Foul Ball, location: 2F 0-2: Foul Ball, location: 2F 0-2: Foul Ball, location: 2F 0-2: Ball 1-2: Foul Ball, location: 2F 1-2: Foul Ball, location: 2F 1-2: Fly out, F8 (Flyball, 8RXD)
|
Batting: RHB Ryan Campbell
|
0-0: Ball 1-0: Hit by Pitch
|
Batting: RHB Douglas Davis
|
0-0: Ball Ryan Campbell steals 2nd base 1-0: Ground out 4-3 (Groundball, 13) Ryan Campbell to third
|
Batting: LHB Bryan Foster
|
0-0: Foul Ball, location: 2F 0-1: Foul Ball, location: 2F 0-2: Ball 1-2: Strikes out swinging
|
Bottom of the 5th over - 0 run(s), 0 hit(s), 0 error(s), 1 left on base; Albuquerque 5 - Las Vegas 1 |
TOP OF THE 6TH |
Albuquerque Isotopes batting - Pitching for Las Vegas Stars : RHP Ramón Pérez
|
Batting: LHB Héctor Cruz
|
0-0: Ball 1-0: Ball 2-0: SOLO HOME RUN (Flyball, 9D), Distance : 418 ft
|
Batting: RHB Arturo García
|
0-0: Ball 1-0: Foul Ball, location: 2F 1-1: Ball 2-1: Ball 3-1: Ground out U3 (Groundball, 3S)
|
Batting: RHB Sadayoshi Kato
|
0-0: Ball 1-0: Swinging Strike 1-1: Ball 2-1: Ground out 5-3 (Groundball, 56S)
|
Batting: RHB Dave Mullen
|
0-0: Ball 1-0: Ball 2-0: Ball 3-0: Called Strike 3-1: Base on Balls
|
Pitching: RHP Luis Antonio Martínez
|
|
Batting: SHB Lee Townsend
|
0-0: Ground out 1-3 (Groundball, 13S)
|
Top of the 6th over - 1 run(s), 1 hit(s), 0 error(s), 1 left on base; Albuquerque 6 - Las Vegas 1 |
BOTTOM OF THE 6TH |
Las Vegas Stars batting - Pitching for Albuquerque Isotopes : RHP Raúl Ruíz
|
Batting: RHB Kyle Bacon
|
0-0: Ball 1-0: Fly out, F7 (Line Drive, 7S)
|
Batting: RHB William Richardson
|
0-0: Ball 1-0: Swinging Strike 1-1: Called Strike 1-2: Ball 2-2: Foul Ball, location: 2F 2-2: SINGLE (Groundball, 34)
|
Batting: RHB Reginaldo Jaconelli
|
0-0: Ball 1-0: Ball 2-0: Ball 3-0: Base on Balls William Richardson to second
|
Batting: LHB Fernando De La Cruz
|
0-0: Called Strike 0-1: Called Strike 0-2: Ball 1-2: Ball 2-2: Grounds into double play, 1-6-3 (Groundball, 15)
|
Bottom of the 6th over - 0 run(s), 1 hit(s), 0 error(s), 1 left on base; Albuquerque 6 - Las Vegas 1 |
TOP OF THE 7TH |
Albuquerque Isotopes batting - Pitching for Las Vegas Stars : RHP Luis Antonio Martínez
|
Batting: LHB Mark Vestal
|
0-0: Ball 1-0: Swinging Strike 1-1: Fly out, F4 (Line Drive, 4)
|
Batting: RHB Alden Isenhood
|
0-0: Ball 1-0: Ball 2-0: SINGLE (Flyball, 9LS)
|
Batting: LHB Bernardo Montés
|
0-0: Called Strike 0-1: Ball 1-1: Ball Alden Isenhood is caught stealing 2nd base 2-1: Ball 3-1: Called Strike 3-2: Strikes out swinging
|
Top of the 7th over - 0 run(s), 1 hit(s), 0 error(s), 0 left on base; Albuquerque 6 - Las Vegas 1 |
BOTTOM OF THE 7TH |
Las Vegas Stars batting - Pitching for Albuquerque Isotopes : RHP Raúl Ruíz
|
Pitching: RHP Juan Marín
|
|
Batting: LHB Eliot Helen
|
0-0: Called Strike 0-1: Foul Ball, location: 2F 0-2: Ball 1-2: Ball 2-2: Foul Ball, location: 2F 2-2: Fly out, F6 (Popup, 6MD)
|
Batting: SHB Esteban Silva
|
0-0: Ball 1-0: Fly out, F5 (Popup, 5F)
|
Batting: RHB Ryan Campbell
|
0-0: Ground out 1-3 (Groundball, 15)
|
Bottom of the 7th over - 0 run(s), 0 hit(s), 0 error(s), 0 left on base; Albuquerque 6 - Las Vegas 1 |
TOP OF THE 8TH |
Albuquerque Isotopes batting - Pitching for Las Vegas Stars : RHP Luis Antonio Martínez
|
Batting: LHB A.J. Major
|
0-0: Fly out, F9 (Flyball, 89S)
|
Batting: LHB Héctor Cruz
|
0-0: Ball 1-0: Ball 2-0: Ball 3-0: Called Strike 3-1: Fly out, F9 (Flyball, 89S)
|
Batting: RHB Arturo García
|
0-0: Ball 1-0: Ball 2-0: Ball 3-0: Called Strike 3-1: Fly out, F4 (Line Drive, 4)
|
Top of the 8th over - 0 run(s), 0 hit(s), 0 error(s), 0 left on base; Albuquerque 6 - Las Vegas 1 |
BOTTOM OF THE 8TH |
Las Vegas Stars batting - Pitching for Albuquerque Isotopes : RHP Juan Marín
|
Now at 1B: Alfonso Huertas
|
|
Batting: RHB Douglas Davis
|
0-0: Foul Ball, location: 2F 0-1: Ball 1-1: Ball 2-1: Ball 3-1: Foul Ball, location: 2F 3-2: Base on Balls
|
Batting: LHB Bryan Foster
|
0-0: Foul Ball, location: 2F 0-1: Called Strike 0-2: Ball 1-2: SINGLE (Groundball, 6M) Douglas Davis to second
|
Batting: RHB Kyle Bacon
|
0-0: Fly out, F6 (Popup, 4M)
|
Batting: RHB William Richardson
|
0-0: Foul Ball, location: 2F 0-1: SINGLE (Line Drive, 8RS) Douglas Davis to third Bryan Foster to second
|
Pitching: LHP William Watson
|
|
Batting: RHB Reginaldo Jaconelli
|
0-0: Ball 1-0: Called Strike 1-1: Swinging Strike 1-2: Grounds into double play, 6-4-3 (Groundball, 6M)
|
Bottom of the 8th over - 0 run(s), 2 hit(s), 0 error(s), 2 left on base; Albuquerque 6 - Las Vegas 1 |
TOP OF THE 9TH |
Albuquerque Isotopes batting - Pitching for Las Vegas Stars : RHP Luis Antonio Martínez
|
Pitching: RHP Armando López
|
|
Batting: RHB Sadayoshi Kato
|
0-0: Called Strike 0-1: Called Strike 0-2: Ball 1-2: Strikes out swinging
|
Batting: RHB Dave Mullen
|
0-0: SINGLE (Line Drive, 56D)
|
Batting: SHB Lee Townsend
|
0-0: Swinging Strike 0-1: Ball 1-1: Foul Ball, location: 2F 1-2: Fly out, F9 (Line Drive, 9M)
|
Batting: LHB Mark Vestal
|
0-0: Swinging Strike 0-1: Ball 1-1: Ball 2-1: Ball 3-1: Base on Balls Dave Mullen to second
|
Batting: RHB Alden Isenhood
|
0-0: Ball 1-0: Foul Ball, location: 2F 1-1: Called Strike 1-2: SINGLE (Groundball, 56D) Dave Mullen to third Mark Vestal to second Runner from 3rd tries for Home, SAFE, throw made home Mark Vestal to third Alden Isenhood to second
|
Batting: LHB Bernardo Montés
|
0-0: Ball 1-0: Foul Ball, location: 2F 1-1: Ball 2-1: SINGLE (Groundball, 34S) Mark Vestal scores Alden Isenhood to third Runner from 3rd tries for Home, SAFE, no throw or cutoff
|
Batting: RHB Alfonso Huertas
|
0-0: Called Strike 0-1: Fly out, F9 (Flyball, 9LMF)
|
Top of the 9th over - 3 run(s), 3 hit(s), 0 error(s), 1 left on base; Albuquerque 9 - Las Vegas 1 |
BOTTOM OF THE 9TH |
Las Vegas Stars batting - Pitching for Albuquerque Isotopes : LHP William Watson
|
Now at SS: Luis Martínez
|
|
Batting: LHB Fernando De La Cruz
|
0-0: Ball 1-0: Ball 2-0: Foul Ball, location: 2F 2-1: Foul Ball, location: 2F 2-2: DOUBLE (Groundball, 3L)
|
Batting: LHB Eliot Helen
|
0-0: Called Strike 0-1: SINGLE (Flyball, 8LS) Fernando De La Cruz to third
|
Batting: SHB Esteban Silva
|
0-0: Called Strike 0-1: Ball 1-1: Called Strike 1-2: Foul Ball, location: 2F 1-2: Ball 2-2: Ball 3-2: Fly out, F8 (Flyball, 8RD) Runner from 3rd tags up, SCORES, no throw
|
Batting: RHB Ryan Campbell
|
0-0: Called Strike 0-1: Foul Ball, location: 2F 0-2: Ball 1-2: Strikes out swinging
|
Batting: RHB Douglas Davis
|
0-0: Ball 1-0: Swinging Strike 1-1: Foul Ball, location: 2F 1-2: SINGLE (Flyball, 9S) Eliot Helen to second Runner from 2nd tries for 3rd, SAFE, no throw or cutoff
|
Batting: LHB Bryan Foster
|
0-0: Ball 1-0: Called Strike 1-1: Swinging Strike 1-2: Strikes out looking
|
Bottom of the 9th over - 1 run(s), 3 hit(s), 0 error(s), 2 left on base; Albuquerque 9 - Las Vegas 2 |
|